[Event "US Masters"]
[Site "Charlotte USA"]
[Date "2023.11.23"]
[Round "2.8"]
[White "Sai Krishna, GV."]
[Black "Harsha, Bharathakoti"]
[Result "1/2-1/2"]
[ECO "B42"]
[WhiteElo "2376"]
[BlackElo "2563"]
[PlyCount "100"]
[EventDate "2023.11.24"]
[EventType "swiss"]
[EventRounds "9"]
[EventCountry "USA"]
[Source "ChessMix"]
[SourceDate "2023.12.01"]
[TimeControl "5400+30"]

1. e4 c5 2. Nf3 e6 3. d4 cxd4 4. Nxd4 a6 5. Bd3 Bc5 6. Nb3 Ba7 7. Qg4 Nf6 8. Qg3 d6 9. Nc3 Nc6 10. Bg5 h6 11. Bd2 b5 12. O-O-O b4 13. Ne2 Kf8 14. e5 Nxe5 15. Bxb4 Qb6 16. Bb5 Kg8 17. Bxd6 Neg4 18. Ba4 Nxf2 19. Bc5 Nxh1 20. Qf3 Bb7 21. Qe3 Qc7 22. Bxa7 Qxh2 23. Bd4 Ng4 24. Qg1 Qxg2 25. Nc5 Qxg1 26. Rxg1 Bf3 27. Ng3 e5 28. Bc3 Nxg3 29. Rxg3 e4 30. Nxe4 Bxe4 31. Rxg4 Bg6 32. Bb3 Kf8 33. Bb4+ Ke8 34. Ba4+ Kd8 35. Rd4+ Kc8 36. Bd7+ Kb7 37. Ba5 Rac8 38. Bxc8+ Rxc8 39. Bc3 Rc6 40. Rb4+ Kc8 41. Bxg7 Rxc2+ 42. Kd1 h5 43. Rb6 Rg2 44. Bf6 Bd3 45. Rd6 Bb5 46. Rd8+ Kc7 47. Rd2 Rxd2+ 48. Kxd2 Kd7 49. Ke3 Ke6 50. Bd8 Kf5 1/2-1/2

[Event "US Masters"]
[Site "Charlotte USA"]
[Date "2023.11.24"]
[Round "3.21"]
[White "Zhou, Jianchao"]
[Black "Sai Krishna, GV."]
[Result "1-0"]
[ECO "E90"]
[WhiteElo "2557"]
[BlackElo "2376"]
[PlyCount "127"]
[EventDate "2023.11.24"]
[EventType "swiss"]
[EventRounds "9"]
[EventCountry "USA"]
[Source "ChessMix"]
[SourceDate "2023.12.01"]
[TimeControl "5400+30"]

1. d4 Nf6 2. c4 g6 3. Nc3 Bg7 4. e4 d6 5. h3 O-O 6. Be3 c5 7. Nf3 Qa5 8. Bd3 Nfd7 9. Be2 f5 10. exf5 gxf5 11. O-O Nc6 12. d5 Nce5 13. Bg5 Ng6 14. Nh4 Bxc3 15. bxc3 Nf6 16. Qc1 Ne4 17. Bh5 Qxc3 18. Qxc3 Nxc3 19. Bxg6 hxg6 20. Nxg6 Re8 21. Nxe7+ Kf7 22. Nxc8 Raxc8 23. Rfe1 b5 24. cxb5 Nxd5 25. Red1 Ke6 26. Rac1 Nb6 27. Rd3 d5 28. Re3+ Kf7 29. Ra3 d4 30. Rxa7+ Kg6 31. h4 Nd5 32. Ra6+ Kf7 33. b6 Rc6 34. Ra7+ Kg6 35. b7 Rb8 36. a4 Nc3 37. Kh2 Rb6 38. Be7 R8xb7 39. Rxb7 Rxb7 40. Bxc5 Ne2 41. Rd1 Rb2 42. a5 Ra2 43. Bxd4 Ra4 44. h5+ Kf7 45. Ra1 Rxd4 46. g3 Rd7 47. a6 Ra7 48. Kh3 Kf6 49. Ra5 Nd4 50. Rd5 Ne6 51. Rd6 Ke5 52. Rc6 Nc7 53. Kh4 Nxa6 54. Kg5 Nb4 55. f4+ Kd5 56. Rf6 Rg7+ 57. Rg6 Rf7 58. h6 Nc6 59. Rg7 Nd8 60. Kg6 Ke6 61. h7 Rf6+ 62. Kh5 Rf8 63. Rg8 Kf7 64. Rxf8+ 1-0

[Event "US Masters"]
[Site "Charlotte USA"]
[Date "2023.11.25"]
[Round "6.11"]
[White "Sai Krishna, GV."]
[Black "Canty, James"]
[Result "1-0"]
[ECO "B35"]
[WhiteElo "2376"]
[BlackElo "2154"]
[PlyCount "69"]
[EventDate "2023.11.24"]
[EventType "swiss"]
[EventRounds "9"]
[EventCountry "USA"]
[Source "ChessMix"]
[SourceDate "2023.12.01"]
[TimeControl "5400+30"]

1. e4 c5 2. Nf3 g6 3. d4 cxd4 4. Nxd4 Bg7 5. Nc3 Nc6 6. Be3 Nf6 7. Bc4 Qa5 8. O-O O-O 9. Bb3 d6 10. h3 Bd7 11. Re1 Rac8 12. Qd2 Ne5 13. Nd5 Qd8 14. Bh6 Nxd5 15. exd5 Qb6 16. Bxg7 Kxg7 17. Re4 a5 18. a4 f5 19. Rh4 h5 20. Re1 Rf7 21. Qg5 Rf6 22. Ne2 Nf7 23. Qg3 Kf8 24. Nf4 g5 25. Nxh5 Rh6 26. Re6 Bxe6 27. dxe6 Rxc2 28. Bxc2 Qxb2 29. exf7 Qc1+ 30. Kh2 Re6 31. Nf4 Re1 32. Rh8+ Kxf7 33. Bb3+ e6 34. Bxe6+ Kf6 35. Rh6+ 1-0